 Dungeon Crawl Stone Soup version 0.31-a0-1603-gbec6b6ccbf (webtiles) character file.

Game seed: 4119061660892938048

513 Laraso the Ruffian (level 7, 52/52 HPs)
             Began as a Green Draconian Shapeshifter on Jan 8, 2024.
             Quit the game on level 3 of the Dungeon.
             The game lasted 00:03:34 (3638 turns).

Laraso the Ruffian (Green Draconian Shapeshifter)   Turns: 3638, Time: 00:03:34

Health: 52/52      AC:  6    Str: 15    XL:     7   Next: 0%
Magic:  7/7        EV: 12    Int: 14    God:
Gold:   50         SH:  0    Dex: 12    Spells: 6/6 levels left

rFire   . .          .
                       - Unarmed
rCold   . . .        (no shield)
rNeg    . . .        (body armour unavailable)
rPois   +            (helmet currently unavailable)
rElec   .            e - melded +0 cloak
rCorr   .            (gloves currently unavailable)
SInv    .            i - melded +0 pair of boots
Will    .....        (no amulet)
Stlth   +            a - ring of wizardry
HPRegen 0.28/turn    (no ring)
MPRegen 0.10/turn

%: wizardry (x1)
@: beast-form
A: beast (slay +2), breathe noxious fumes, AC +6, unfitting armour, poison
resistance, cold-blooded, clever 1, wild magic 1
a: Breathe Noxious Fumes, Begin Untransformation


You were on level 3 of the Dungeon.
You were a hulking beast.
You visited 1 branch of the dungeon, and saw 3 of its levels.
You also visited: Sewer.

You collected 50 gold pieces.

Inventory:

Armour
 e - a +0 cloak (melded)
 i - a +0 pair of boots (melded)
Jewellery
 a - a ring of wizardry (left hand)
Talismans
 b - a beast talisman (active)
 c - a flux talisman
Scrolls
 j - a scroll of enchant weapon
Potions
 d - a potion of curing
 f - a potion of brilliance
 h - a potion of heal wounds
 l - a potion of cancellation
 m - a potion of degeneration {unknown}
 o - a potion of haste {unknown}


   Skills:
 - Level 1.1 Fighting
 - Level 1.7 Dodging
 * Level 6.7 Unarmed Combat
 + Level 4.9 Shapeshifting


You had 6 spell levels left.
You didn't know any spells.
Your spell library was empty.

Dungeon Overview and Level Annotations

Branches:
Dungeon (3/15)              Sewer (visited)

Altars:

Shops:
D:1 :   D:2 (


Innate Abilities, Weirdness & Mutations

You are a hulking beast.
Your limbs bulge with bestial killing power. (Slay +2)
You can breathe blasts of noxious fumes.
Your lurid green scales are hard. (AC +6)
You cannot fit into any form of body armour.
Your system is resistant to poisons. (rPois)
You are cold-blooded and may be slowed by cold attacks.
Your mind is acute. (Int +4, Str/Dex -1)
Your spells are a little harder to cast, but a little more powerful.


Message History

A ribbon worm comes into view.
You punch the ribbon worm!
The ribbon worm is heavily wounded.
The ribbon worm bites you but does no damage.
You hit the ribbon worm but do no damage.
The ribbon worm is heavily wounded.
The ribbon worm misses you.
You hit the ribbon worm.
The ribbon worm is heavily wounded.
You punch the ribbon worm!
You kill the ribbon worm!
The dart slug launches a dart at you. The slug dart hits you.
You hit the dart slug.
You tail-slap the dart slug, but do no damage.
The dart slug is severely wounded.
You hit the dart slug.
You kill the dart slug!
No target in view!
d - a potion of curing
Found 4 stones.
A jackal comes into view.
The jackal barks!
A bat comes into view.
There are monsters nearby!
There are monsters nearby!
There are monsters nearby!
The jackal stops to sniff the ground.
The jackal closely misses you.
You punch the jackal!
You kill the jackal!
The bat hits you but does no damage.
A ball python comes into view.
You have reached level 7!
Your scales start taking on a lurid green colour.
You learn Alchemy much quicker.
You can breathe blasts of noxious fumes.
You feel resistant to poisons.
Unknown command.
Are you sure you want to abandon this character and quit the game? (Confirm with "yes".)

#... ... ###### ...
#....# # #.# #....#
#. #.# #....#
#.##.####....#
##............#
#.............#####
#....h............#
#...#b#.†...#......#
#...#.#.....#......#
#.# #S###...#......#
... .. #...#.....(#
.# ## ###.#......#
#.#......#
###.#......#
#...######## #


You could see a bat and a ball python (wandering).

Vanquished Creatures
  4 kobold brigands (Sewer)
  Crazy Yiuf (D:2)
  5 adders
  8 gnolls
  A river rat (Sewer)
  2 dart slugs
  8 ribbon worms
  4 ball pythons
  A bat (D:1)
  6 endoplasms
  4 giant cockroaches
  2 goblins (D:1)
  2 hobgoblins
  A jackal (D:3)
  A quokka (D:3)
  3 frilled lizards
  6 kobolds
  13 rats
72 creatures vanquished.

Notes
Turn   | Place    | Note
-------+----------+-------------------------------------------
     0 | D:1      | Laraso the Draconian Shapeshifter began the quest for the
                  | Orb.
     0 | D:1      | Reached XP level 1. HP: 16/16 MP: 1/1
   236 | D:1      | Reached XP level 2. HP: 23/23 MP: 2/2
   239 | D:1      | Found Seiv's Book Boutique.
   989 | D:1      | Reached XP level 3. HP: 13/28 MP: 3/3
  1184 | D:2      | Reached skill level 4 in Unarmed Combat
  1427 | D:1      | Reached XP level 4. HP: 25/35 MP: 4/4
  2088 | D:2      | Found Urigymuy's Weapon Boutique.
  2116 | D:2      | Found a runed translucent door.
  2117 | D:2      | Noticed Crazy Yiuf
  2211 | D:2      | Killed Crazy Yiuf
  2212 | D:2      | Reached skill level 5 in Unarmed Combat
  2212 | D:2      | Reached XP level 5. HP: 40/40 MP: 5/5
  2489 | D:3      | Found a glowing drain.
  2497 | Sewer    | Entered a sewer
  2587 | Sewer    | Gained mutation: Your spells are a little harder to cast,
                  | but a little more powerful. [potion of mutation]
  2587 | Sewer    | Gained mutation: Your mind is acute. (Int +4, Str/Dex -1)
                  | [potion of mutation]
  3007 | Sewer    | Reached XP level 6. HP: 47/47 MP: 6/6
  3166 | Sewer    | Reached skill level 6 in Unarmed Combat
  3638 | D:3      | Your scales start taking on a lurid green colour.
  3638 | D:3      | Reached XP level 7. HP: 52/52 MP: 7/7
  3638 | D:3      | Gained mutation: Your system is resistant to poisons.
                  | (rPois) [Green Draconian growth]
  3638 | D:3      | Quit the game

Illustrated notes

Levels and vault maps discovered:
D:1:      mainiacjoe_arrival_reflecting_pool, layout_loops_corners,
          serial_shops, nicolae_shop_gibbet_a_chance
D:2:      layout_loops_ring, serial_shops, shop, nicolae_the_louvre,
          uniq_crazy_yiuf_cottage
D:3:      layout_basic, gup_sewer_entry_bubbles, minmay_quantized

Skill      XL: |  1  2  3  4  5  6 |
---------------+-------------------+-----
Unarmed Combat | 4 5 6 |  6.7
Shapeshifting  | 4 |  4.9
Fighting       | |  1.1
Dodging        | |  1.7

Action                     |  1- 3 |  4- 6 |  7- 9 || total
---------------------------+-------+-------+-------++-------
  Melee: Unarmed           |    48 |   210 |       ||   258
         Tailslap          |     4 |    22 |       ||    26
         Punch             |     1 |     5 |       ||     6
Ability: Begin Untransform |     1 |     1 |       ||     2
    Use: Potion            |     1 |     5 |       ||     6
         Scroll            |       |     5 |       ||     5
 Armour: Skin              |    31 |   102 |       ||   133
  Dodge: Dodged            |    34 |    70 |       ||   104
   Form: Beast             |     1 |     1 |       ||     2

Table legend: (Time is in decaauts)
 A = Elapsed time spent in this place.
 B = Non-inter-level travel time spent in this place.
 C = Inter-level travel time spent in this place.
 D = Time resting spent in this place.
 E = Time spent auto-exploring this place.
 F = Levels seen in this place.
 G = Mean time per level.
                   A        B        C        D        E       F      G
               +--------+--------+--------+--------+--------+-----+--------+
         Total |   3804 |   3667 |    137 |    731 |   2170 |   4 |  951.0 |
       Dungeon |   2634 |   2497 |    137 |    530 |   1572 |   3 |  878.0 |
         Sewer |   1169 |   1169 |      0 |    201 |    598 |   1 | 1169.0 |
               +--------+--------+--------+--------+--------+-----+--------+

Top non-repeatable levels by time:
     D:1: 1317 daAuts
   Sewer: 1169 daAuts
     D:2: 956 daAuts
     D:3: 360 daAuts
